 Dungeon Crawl Stone Soup version 0.31-a0-507-gbafd7f5274 (webtiles) character file.

Game seed: 14321920171239502982

143 randomguy2701 the Grave Robber (level 5, -1/28 HPs)
             Began as a Deep Elf Necromancer on Aug 9, 2023.
             Slain by Grinder (4 damage)
             ... on level 3 of the Dungeon.
             The game lasted 00:05:04 (2603 turns).

randomguy2701 the Grave Robber (DENe)               Turns: 2603, Time: 00:05:04

Health: -1/28      AC:  4    Str:  5    XL:     5   Next: 4%
Magic:  14/14      EV: 12    Int: 22    God:
Gold:   83         SH:  0    Dex: 15    Spells: 12/13 levels left

rFire   . . .        k - staff of cold
rCold   + . .        (no shield)
rNeg    . . .        a - +0 robe
rPois   .            (no helmet)
rElec   .            p - +0 cloak
rCorr   .            j - +0 pair of gloves
SInv    .            (no boots)
Will    +....        (no amulet)
Stlth   ++           u - ring of willpower
HPRegen 0.24/turn    (no ring)
MPRegen 0.14/turn

%: no passive effects
@: no status effects
A: no striking features
a: no special abilities


You were on level 3 of the Dungeon.
You visited 1 branch of the dungeon, and saw 3 of its levels.

You collected 83 gold pieces.

Inventory:

Armour
 a - a +0 robe (worn)
 j - a +0 pair of gloves (worn)
 p - a +0 cloak (worn)
Magical Staves
 k - a staff of cold (weapon)
Jewellery
 s - an amulet of faith
 t - an amulet of guardian spirit
 u - a ring of willpower (left hand)
Scrolls
 d - a scroll of revelation {unknown}
 e - 2 scrolls of torment
 g - a scroll of immolation {unknown}
 m - a scroll of acquirement {unknown}
 o - a scroll of enchant armour {unknown}
 r - 2 scrolls of identify {unknown}
Potions
 b - a potion of magic
 c - a potion of cancellation {unknown}
 f - 2 potions of haste {unknown}
 h - 2 potions of curing {unknown}
 i - 3 potions of ambrosia {unknown}
 l - a potion of degeneration {unknown}
 n - 3 potions of brilliance {unknown}
 q - a potion of invisibility {unknown}


   Skills:
 + Level 0.1 Staves
 + Level 2.5 Dodging
 + Level 2.8 Stealth
 + Level 4.9 Spellcasting
 + Level 6.5 Necromancy


You had 12 spell levels left.
You knew the following spells:

 Your Spells              Type           Power      Damage    Failure   Level
a - Necrotise             Necr           100%       1d9       1%          1

Your spell library contained the following spells:

 Spells                   Type           Power      Damage    Failure   Level
 Vampiric Draining        Necr           34%        2d8       1%          3
 Animate Dead             Necr           34%        N/A       7%          4
 Agony                    Necr           34%        N/A       19%         5


Dungeon Overview and Level Annotations

Branches:
Dungeon (3/15)

Altars:
Yredelemnul

Annotations:
D:3 2 transporters, Grinder; Heh's ghost, amateur OpSh


Message History

There is an open door here.
You open the door.
There is an open door here.
Found an escape hatch in the floor.
Found a stone staircase leading down.
You now have 83 gold pieces (gained 14).
There is a stone staircase leading down here.
Grinder gestures at you. You resist with almost no effort.
Grinder blinks!
Grinder says, "Are you a fish?"
Grinder blinks!
Grinder attacks as you move away! Grinder hits you.
You writhe in agony.
Grinder attacks as you move away! Grinder barely misses you.
Casting: Necrotise (safe; 1% risk of failure)
Confirm with . or Enter, or press ? or * to list all spells.
You can't see any susceptible monsters within range! (Use Z to cast anyway.)
You hit Grinder but do no damage.
Grinder blinks!
You hit Grinder but do no damage. Grinder hits you!
You hit Grinder.
Grinder is lightly wounded.
Grinder hits you but does no damage. Grinder barely misses you.
You barely miss Grinder.
Grinder is lightly wounded.
Grinder closely misses you.
You hit Grinder.
Grinder is lightly wounded.
Grinder hits you.
You writhe in agony.
You hit Grinder but do no damage.
Grinder is lightly wounded.
Grinder hits you but does no damage.
You hit Grinder but do no damage.
Grinder is lightly wounded.
Grinder says, "DUCK!"
Grinder hits you!
* * * LOW HITPOINT WARNING * * *
You writhe in agony.
* * * LOW HITPOINT WARNING * * *
Grinder attacks as you move away! Grinder hits you.
You die...

#................
#####.................
#.ยง.5..............)..
#.#####..............#
#.# #.......###.....##
#.# #.#.##### #....##
#.###.#.# #.#+#
#...5..>#######.#.#
#####@#.........#.#
#.###########.## #.#
#####...## #.#
##........#
#.#####........###
#.................
#######.....>.####
##...#### #####


You could see Grinder.

Vanquished Creatures
  A jelly (D:2)
  2 adders (D:3)
  An adder zombie (D:3)
  3 worms (D:2)
  A dart slug (D:2)
  7 orcs (D:3)
  5 endoplasms
  4 giant cockroaches
  6 goblins
  9 hobgoblins
  5 kobolds
  3 quokkas
  8 ball pythons
  5 bats
  5 frilled lizards
  A giant cockroach zombie (D:3)
  A quokka zombie (D:3)
  4 rats
71 creatures vanquished.

Vanquished Creatures (collateral kills)
  An endoplasm (D:1)
  A goblin (D:2)
2 creatures vanquished.

Grand Total: 73 creatures vanquished

Notes
Turn   | Place    | Note
-------+----------+-------------------------------------------
     0 | D:1      | randomguy2701 the Deep Elf Necromancer began the quest for
                  | the Orb.
     0 | D:1      | Reached XP level 1. HP: 10/10 MP: 6/6
    43 | D:1      | Reached skill level 5 in Necromancy
   129 | D:1      | Reached XP level 2. HP: 13/15 MP: 5/8
   567 | D:1      | Reached XP level 3. HP: 16/19 MP: 5/9
  1261 | D:2      | Identified the +4 ring mail "Moruek" {Drain Regen+ Str+8
                  | SInv}
  1282 | D:2      | Reached skill level 6 in Necromancy
  1522 | D:2      | Reached XP level 4. HP: 24/24 MP: 8/12
  2180 | D:3      | Found a transporter.
  2180 | D:3      | Noticed Heh's ghost (amateur OpSh)
  2297 | D:3      | Found a transporter.
  2419 | D:3      | Found a basalt altar of Yredelemnul.
  2425 | D:3      | Reached XP level 5. HP: 23/28 MP: 10/14
  2478 | D:3      | Noticed Grinder
  2603 | D:3      | Slain by Grinder

Illustrated notes

Levels and vault maps discovered:
D:1:      nicolae_arrival_washed_ashore, layout_loops_ring, serial_glass,
          glass_columns_c, glass_columns_b
D:2:      layout_loops_ring
D:3:      layout_loops_corners, nicolae_yredelemnul_corpse_copse,
          gammafunk_ghost_arena, minmay_checkerbox, uniq_grinder

Skill      XL: |  1  2  3 |
---------------+----------+-----
Necromancy     | 5 6 |  6.5
Spellcasting   | 4 |  4.9
Staves         | |  0.1
Dodging        | |  2.5
Stealth        | |  2.8

Action                     |  1- 3 |  4- 6 || total
---------------------------+-------+-------++-------
  Melee: Staff             |     2 |    27 ||    29
         Punch             |       |     1 ||     1
   Cast: Necrotise         |    78 |    40 ||   118
    Use: Scroll            |     1 |       ||     1
 Armour: Robe              |       |    17 ||    17
  Dodge: Dodged            |     6 |    39 ||    45

Table legend: (Time is in decaauts)
 A = Elapsed time spent in this place.
 B = Non-inter-level travel time spent in this place.
 C = Inter-level travel time spent in this place.
 D = Time resting spent in this place.
 E = Time spent auto-exploring this place.
 F = Levels seen in this place.
 G = Mean time per level.
                   A        B        C        D        E       F      G
               +--------+--------+--------+--------+--------+-----+--------+
         Total |   2607 |   2555 |     52 |      0 |   2087 |   3 |  869.0 |
       Dungeon |   2607 |   2555 |     52 |      0 |   2087 |   3 |  869.0 |
               +--------+--------+--------+--------+--------+-----+--------+

Top non-repeatable levels by time:
     D:1: 939 daAuts
     D:2: 854 daAuts
     D:3: 813 daAuts
